 Dungeon Crawl Stone Soup version 0.18-a0-1789-gbeff17f (webtiles) character file.

33 macross the Stinger (level 3, -2/24 HPs)
             Began as a Formicid Venom Mage on Apr 21, 2016.
             Slain by an adder (5 damage)
             ... on level 2 of the Dungeon.
             The game lasted 00:08:30 (1506 turns).

macross the Stinger (Formicid Venom Mage)           Turns: 1506, Time: 00:08:31

Health: -2/24      AC:  2    Str: 12    XL:     3   Next: 47%
Magic:  3/6        EV: 12    Int: 15    God:
Gold:   24         SH:  0    Dex: 11    Spells: 3 memorised, 0 levels left

rFire  . . .     SeeInvis +     h - +0 dagger
rCold  . . .     Gourm    .     a - +0 robe
rNeg   . . .     Faith    .     (no shield)
rPois  .         Spirit   .     (helmet unavailable)
rElec  .         Dismiss  .     (no cloak)
rCorr  .         Reflect  .     (no gloves)
SustAt .         Harm     .     (no boots)
MR     .....                    (no amulet)
Stlth  ++........               (no ring)
                                (no ring)

@: lethally poisoned (-2 -> -6), not resistant to hostile enchantments,
unstealthy
A: permanent stasis, dig shafts and tunnels, four strong arms, antennae 3
a: Dig, Shaft Self


You were on level 2 of the Dungeon.
You were not hungry.

You visited 1 branch of the dungeon, and saw 2 of its levels.

You collected 24 gold pieces.

Inventory:

Hand Weapons
 h - a +0 dagger (weapon)
Armour
 a - a +0 robe (worn)
Scrolls
 d - a scroll of random uselessness
 j - a scroll of magic mapping {unknown}
Potions
 g - a potion of haste {unknown}
Books
 b - a Young Poisoner's Handbook

   Spells                             Type                      Level
   a - Sting                          Conjuration/Poison           1
   b - Cure Poison                    Poison                       2
   c - Mephitic Cloud                 Conjuration/Poison/Air       3
   d - Olgreb's Toxic Radiance        Poison                       4
   e - Venom Bolt                     Conjuration/Poison           5
Comestibles
 k - a meat ration


   Skills:
 + Level 0.2 Fighting
 * Level 1.2 Short Blades
 + Level 2.0 Dodging
 + Level 2.5 Stealth
 + Level 2.3 Spellcasting
 + Level 5.9 Poison Magic


You couldn't memorise any spells.
You knew the following spells:

 Your Spells              Type           Power        Failure   Level  Hunger
a - Sting                 Conj/Pois      ##..         8%          1    #......
b - Mephitic Cloud        Conj/Pois/Air  #.......     30%         3    ###....
c - Cure Poison           Pois           ###.......   2%          2    ###....


Dungeon Overview and Level Annotations

Branches:
Dungeon (2/15)

Altars:


Innate Abilities, Weirdness & Mutations

You are under a permanent stasis effect.
You can dig through walls and to a lower floor.
Your four strong arms can wield two-handed weapons with a shield.
You have a pair of large antennae on your head (SInv).


Message History

Casting: Mephitic Cloud
Confirm with . or Enter, or press ? or * to list all spells.
You are no longer poisoned.
The adder closely misses you.
You feel better. The adder barely misses you. The adder bites you.
* * * LOW HITPOINT WARNING * * *
You see here a giant gecko corpse.
You hit the adder.
The adder is severely wounded.
The adder barely misses you.
You hit the adder but do no damage.
The adder is severely wounded.
The adder bites you.
* * * LOW HITPOINT WARNING * * *
You are lethally poisoned!
The adder poisons you!
* * * LOW HITPOINT WARNING * * *
You feel sick. The adder closely misses you. The adder bites you.
You die...

..........#
.#........#
..........
.........
........#
.....$..#
....(##g# .#..
#S### #..##†@.#
$......##.######)
.###.....(.......
##...........##
.......<......#
............##.#
.............# .
...............
............#..


You could see an adder and a hobgoblin.

Vanquished Creatures
  A dart slug (D:1)
  2 giant geckos
  3 bats (D:1)
  A giant cockroach (D:1)
  4 goblins (D:1)
  3 hobgoblins (D:1)
  2 ball pythons (D:1)
  5 giant newts (D:1)
  2 kobolds (D:1)
  5 rats (D:1)
28 creatures vanquished.

Notes
Turn   | Place    | Note
--------------------------------------------------------------
     0 | D:1      | macross the Formicid Venom Mage began the quest for the Orb.
     0 | D:1      | Reached XP level 1. HP: 13/13 MP: 3/3
   268 | D:1      | Reached XP level 2. HP: 17/19 MP: 5/5
   850 | D:1      | Reached skill level 1 in Short Blades
   850 | D:1      | Reached XP level 3. HP: 24/24 MP: 6/6
  1462 | D:1      | Learned a level 3 spell: Mephitic Cloud
  1465 | D:1      | Learned a level 2 spell: Cure Poison
  1506 | D:2      | Slain by an adder

Vault maps used:
D:1:      evilmike_arrival_rings
D:2:      first_bread

Skill      XL: |  1  2 |
---------------+-------+-----
Dodging        | 2 |  2.0
Short Blades   | 1 |  1.2
Fighting       | |  0.2
Stealth        | |  2.5
Spellcasting   | |  2.3
Poison Magic   | |  5.9

Action                   || total
-------------------------++-------
Melee: Dagger            ||    67
       Unarmed           ||     5
 Cast: Sting             ||    21
       Cure Poison       ||     1
  Use: Scroll            ||     2
       Potion            ||     1
 Stab: Sleeping          ||     3
  Eat: Bread ration      ||     1
       Pizza             ||     1
Armor: Robe              ||    22
Dodge: Dodged            ||    43
